Map: Acropolis LE

Players

Smeeeger - Winner!

  • Race: Zerg Zerg
  • League: Platinum
  • Spawn Location: 5:00

OBDCM

  • Race: Terran Terran
  • League: Platinum
  • Spawn Location: 11:00

VOD

Have the link to the VOD?

Description

Time

  • Played on: July 14, 2019, 8 p.m.
  • Length: 17:11
Show
View Real Time Build Order
Export as new Build Order

Smeeeger Zerg - Winner!

Build Orders: Hatch First, Swarm Host 

Get SALT Encoding   

  12  0:08  Drone  
  12  0:13  Overlord  
  13  0:19  Drone  
  14  0:31  Drone  
  14  0:32  Drone  
  16  0:52  Drone  
  16  0:53  Hatchery  
  16  0:57  Drone  
  16  1:02  Drone  
  18  1:14  Extractor  
  18  1:16  Spawning Pool  
  16  1:18  Drone  
  17  1:26  Drone  
  18  1:34  Drone  
  19  1:45  Overlord  
  19  2:03  Queen  
  19  2:04  Zergling x2  
  19  2:05  Queen  
  19  2:06  Zergling x2  
  25  2:09  Drone  
  26  2:22  Drone x2  
  28  2:26  Metabolic Boost  
  28  2:39  Queen  
  28  2:41  Overlord, Queen  
  28  2:42  Drone  
  33  2:49  Drone  
  33  2:50  Drone  
  35  3:01  Drone x2  
  35  3:02  Drone x2  
  39  3:12  Drone  
  40  3:21  Drone  
  40  3:23  Hatchery  
  40  3:26  Drone x2  
  42  3:27  Drone x2  
  44  3:35  Overlord  
  44  3:49  Spine Crawler  
  44  3:52  Queen  
  46  3:55  Zergling x4  
  46  3:56  Zergling x2  
  46  4:00  Queen  
  50  4:04  Drone x2  
  50  4:05  Overlord x2  
  52  4:22  Extractor  
  51  4:24  Extractor  
  51  4:28  Zergling x10  
  51  4:29  Burrow  
  52  4:40  Zergling x6  
  54  4:45  Zergling x4  
  54  4:46  Zergling x6  
  56  5:07  Overlord  
  56  5:08  Overlord  
  56  5:13  Hatchery  
  47  5:41  Drone x2  
  47  5:42  Drone x2  
  50  5:43  Drone x4  
  50  5:45  Overlord x2  
  54  5:54  Drone x2  
  54  5:55  Drone x2, Roach Warren  
  54  5:56  Evolution Chamber  
  55  5:57  Evolution Chamber  
  53  6:07  Drone x3  
  53  6:08  Drone x4  
  53  6:09  Zergling x2  
  61  6:12  Spore Crawler  
  61  6:14  Spore Crawler  
  59  6:27  Lair, Extractor  
  59  6:30  Zerg Ground Armor Level 1  
  58  6:34  Drone x4  
  58  6:35  Roach x3  
  58  6:38  Roach  
  70  6:55  Drone x5  
  75  7:02  Drone x2  
  75  7:03  Drone  
  75  7:04  Hatchery  
  75  7:08  Hatchery, Zerg Missile Weapons Level 1  
  76  7:09  Roach  
  76  7:10  Roach x2  
  82  7:22  Queen  
  84  7:23  Extractor x2  
  84  7:24  Spore Crawler  
  84  7:25  Spore Crawler, Drone x3  
  84  7:26  Drone x2  
  84  7:28  Drone  
  85  7:53  Roach x2  
  85  7:54  Roach x3  
  85  7:58  Spire  
  94  8:01  Infestation Pit  
  94  8:05  Drone x2  
  95  8:06  Drone  
  95  8:07  Drone x3  
  95  8:09  Zergling x6  
  95  8:10  Zergling x2  
  103  8:15  Roach  
  105  8:27  Glial Reconstitution  
  105  8:30  Zerg Ground Armor Level 2  
  105  8:32  Zergling x6  
  105  8:33  Zergling x12  
  105  8:34  Zergling x8  
  118  8:46  Spore Crawler  
  117  8:49  Drone, Spine Crawler  
  117  8:50  Drone  
  117  8:51  Overlord x4, Spine Crawler  
  117  9:09  Hive, Queen x2  
  121  9:12  Drone x5  
  121  9:13  Mutalisk  
  121  9:14  Roach, Mutalisk x6  
  142  9:22  Baneling Nest, Zerg Flyer Weapons Level 1  
  141  9:27  Drone  
  141  9:29  Overlord x3  
  142  9:43  Extractor  
  141  9:46  Extractor  
  140  9:59  Zergling x8  
  132  10:00  Zergling x2  
  132  10:02  Zergling x8  
  132  10:03  Zergling x2  
  132  10:06  Zergling x12  
  137  10:08  Zergling x6  
  137  10:09  Zergling x14  
  137  10:10  Zergling x4  
  137  10:12  Zergling x4  
  133  10:21  Drone x4  
  126  10:22  Drone  
  123  10:34  Zergling x10  
  124  10:37  Lair  
  124  10:38  Lair x3  
  116  10:46  Nydus Network  
  116  10:48  Adrenal Glands  
  115  11:07  Zerg Ground Armor Level 3, Zerg Missile Weapons Level 2  
  115  11:13  Roach, Evolution Chamber  
  115  11:14  Roach x18  
  115  11:16  Baneling x5  
  115  11:17  Baneling x5  
  152  11:20  Centrifical Hooks  
  152  11:25  Nydus Canal  
  152  11:53  Zerg Flyer Weapons Level 2  
  148  11:55  Roach x4  
  148  11:56  Roach x4  
  148  11:57  Zerg Melee Weapons Level 1  
  148  12:00  Baneling x3  
  148  12:01  Baneling x5  
  164  12:04  Overlord x2  
  164  12:05  Overlord x2  
  164  12:09  Overlord x4  
  164  12:10  Overseer, Overlord  
  164  12:12  Pneumatized Carapace  
  100  13:07  Roach x15, Mutalisk x5  
  100  13:08  Mutalisk x4  
  132  13:16  Spore Crawler  
  132  13:19  Spore Crawler  
  130  13:22  Spore Crawler  
  145  13:42  Zergling x30  
  145  13:43  Zergling x2  
  145  13:44  Zergling x2  
  160  14:01  Nydus Canal  
  160  14:08  Corruptor x3  
  160  14:09  Corruptor x3  
  156  14:52  Swarm Host x4  
  165  14:53  Swarm Host  
  140  16:06  Zergling x12  
  140  16:07  Zergling x26  
  150  16:23  Zergling x2  
  150  16:24  Zergling x10  
  156  16:41  Roach x8  
Show
View Real Time Build Order
Export as new Build Order

OBDCM Terran 

Build Orders:  

Get SALT Encoding   

  12  0:00  SCV  
  13  0:13  SCV  
  14  0:19  Supply Depot  
  14  0:25  SCV  
  15  0:35  Refinery  
  15  0:42  Barracks  
  15  0:46  SCV  
  16  0:58  SCV  
  16  1:03  Refinery  
  17  1:10  SCV  
  18  1:18  Barracks  
  18  1:25  SCV  
  19  1:36  Barracks Reactor  
  19  1:37  SCV  
  20  1:45  Supply Depot  
  20  1:52  Orbital Command  
  20  2:06  Barracks Reactor  
  20  2:12  Reaper  
  20  2:13  Reaper  
  22  2:18  SCV  
  23  2:30  Factory, SCV  
  24  2:42  Reaper  
  24  2:43  Reaper  
  26  2:49  Reaper  
  27  2:59  Command Center  
  27  3:06  Reaper  
  27  3:10  SCV  
  29  3:14  Factory Tech Lab  
  29  3:18  Supply Depot  
  29  3:25  Marine x2  
  31  3:39  SCV  
  31  3:40  Supply Depot  
  32  3:51  SCV  
  32  3:54  Siege Tank  
  36  4:04  Marine x2  
  38  4:18  Marine  
  38  4:19  Marine  
  40  4:26  Siege Tank  
  35  5:10  SCV  
  35  5:12  Orbital Command  
  36  5:14  Factory  
  33  5:22  SCV  
  34  5:34  SCV  
  34  5:35  Marine x2  
  33  5:36  Hellion  
  33  5:37  Hellion  
  33  5:40  Stimpack  
  33  5:45  Orbital Command  
  33  5:46  SCV  
  33  5:48  Marine  
  33  5:53  Marine  
  33  5:55  Starport  
  34  5:58  Hellion x2, SCV  
  39  6:04  Factory Tech Lab  
  39  6:25  Hellion x2  
  43  6:26  Marine x2  
  43  6:30  SCV  
  43  6:31  SCV  
  47  6:37  Refinery  
  47  6:38  Refinery  
  47  6:42  Infernal Pre-Igniter, SCV  
  47  6:43  SCV  
  49  6:54  Hellion, SCV  
  49  6:55  SCV  
  49  6:58  Supply Depot  
  49  6:59  Barracks Tech Lab  
  53  7:06  SCV  
  53  7:07  Medivac x2, SCV  
  59  7:14  Marauder  
  61  7:18  SCV  
  61  7:21  Supply Depot  
  62  7:27  Siege Tank  
  65  7:30  SCV  
  65  7:31  Widow Mine  
  65  7:32  Widow Mine  
  70  7:59  Siege Tank  
  73  8:09  Barracks  
  73  8:10  Barracks  
  73  8:14  Barracks  
  73  8:15  Barracks, SCV  
  74  8:20  Supply Depot  
  74  8:23  Supply Depot  
  74  8:27  Medivac, SCV  
  74  8:33  Medivac  
  79  8:39  Command Center  
  79  8:40  Marauder x2  
  83  9:01  Marauder x2  
  87  9:12  Barracks Tech Lab x3  
  87  9:26  Barracks Tech Lab  
  87  9:40  Combat Shield, Concussive Shells  
  87  9:46  Engineering Bay  
  87  9:48  Engineering Bay  
  87  9:50  Armory  
  83  10:11  Marine x4  
  83  10:12  Marine x2  
  83  10:13  Viking x2  
  73  10:29  Marine x3  
  72  10:43  Viking x2  
  72  10:45  Widow Mine x3  
  82  10:52  Missile Turret x2, Terran Infantry Weapons Level 1  
  82  10:53  Terran Infantry Armor Level 1  
  82  11:02  Missile Turret  
  82  11:03  Missile Turret  
  82  11:04  Missile Turret  
  82  11:07  Widow Mine  
  84  11:12  Marine, Marauder x3  
  84  11:13  Marauder x2  
  95  11:30  Marine  
  96  11:33  Marine x2  
  98  11:56  Hellion  
  98  11:57  Hellion x2  
  104  12:12  Marine x6  
  110  12:16  Medivac x2  
  110  12:18  Hellion  
  116  12:29  Hellion  
  116  12:31  Marauder x2  
  116  12:33  Marauder  
  116  12:34  Marauder  
  116  12:35  Hellion, Marauder x2  
  110  12:39  Hellion  
  96  12:54  Siege Tank  
  96  12:56  Hellion  
  77  13:13  Orbital Command  
  77  13:14  SCV  
  77  13:16  SCV  
  79  13:20  Terran Infantry Weapons Level 2  
  79  13:26  Siege Tank  
  79  13:27  SCV  
  81  13:28  SCV  
  80  13:39  SCV  
  80  13:40  SCV  
  64  13:49  Marine x2  
  64  13:50  Marine x4  
  64  13:51  SCV  
  64  13:52  SCV  
  66  13:59  Siege Tank  
  66  14:01  Supply Depot  
  66  14:02  Supply Depot  
  65  14:03  SCV  
  65  14:04  SCV  
  65  14:07  Marine x4  
  68  14:10  Marine x2  
  68  14:13  Medivac x2  
  74  14:24  Marine  
  74  14:25  Marine  
  76  14:32  Thor  
  75  14:48  Medivac x2  
  76  15:16  Marauder x2  
  76  15:17  Marauder x3  
  79  15:38  Marauder x2  
  56  16:06  Marine x7  
  52  16:23  Marine  
  52  16:24  Marine x2  
  51  16:41  Orbital Command  
Tags
 
Composition
Swarm Host
Matchup
TvZ
Replay Pack
SC2 replays
Spawn Locations
Cross Positions
Add a new tag
Caveats
  • Supply blocks, unpowered buildings, or Contaminate may cause inaccurate times.
  • Supply counts are checked every 10 seconds.